 Dungeon Crawl Stone Soup version 0.27-a0-1196-g3e9cee4cb2 (webtiles) character file.

Game seed: 930476685864586174

5567 senseless the Thrower (level 10, -3/102 HPs)
             Began as an Ogre Wanderer on May 28, 2021.
             Was a Priest of Trog.
             Slain by a centaur warrior (7 damage)
             ... on level 8 of the Dungeon.
             The game lasted 00:31:24 (9407 turns).

senseless the Thrower (Ogre Wanderer)               Turns: 9407, Time: 00:31:25

Health: -3/102     AC:  8    Str: 18    XL:     10   Next: 72%
Magic:  10/10      EV: 15    Int: 16    God:    Trog [***...]
Gold:   367        SH:  0    Dex: 11    Spells: 8/9 levels left

rFire    . . .     SeeInvis .   k - +9 war axe of the Endless Friars {venom, Drain *Slow rC+ Dex+3}
rCold    + . .     Faith    +   (no shield)
rNeg     + . .     Spirit   .   d - +2 robe
rPois    .         Reflect  .   (helmet restricted)
rElec    .         Harm     .   z - +2 cloak
rCorr    .         Rampage  .   (gloves unavailable)
Will     +....                  (boots unavailable)
Stlth    ++........             f - amulet of faith
HPRegen  0.27/turn              i - +4 ring of evasion
MPRegen  0.12/turn              o - ring of positive energy

@: no status effects
A: large, unfitting armour, tough skin 1
a: Renounce Religion, Berserk, Trog's Hand


You were on level 8 of the Dungeon.
You worshipped Trog.
Trog was most pleased with you.
You visited 1 branch of the dungeon, and saw 8 of its levels.

You collected 367 gold pieces.

Inventory:

Hand Weapons
 b - a +2 great sword
 k - the +9 war axe of the Endless Friars (weapon) {venom, Drain *Slow rC+ Dex+3}
   (You found it on level 4 of the Dungeon)

   It poisons the flesh of those it strikes.
   It affects your dexterity (+3).
   It protects you from cold.
   It drains your maximum health when unequipped.
   It may slow you when you take damage.
 q - a +3 dagger of speed
Missiles
 e - 69 poisoned darts (quivered)
 m - 2 boomerangs of dispersal
 x - 2 throwing nets
Armour
 d - a +2 robe (worn)
 t - a scarf of repulsion
 z - a +2 cloak (worn)
Jewellery
 f - an amulet of faith (around neck)
 h - a ring of ice
 i - a +4 ring of evasion (left hand)
 o - a ring of positive energy (right hand)
Wands
 s - a wand of mindburst (14)
 w - a wand of polymorph (5)
Scrolls
 a - a scroll of enchant weapon
 v - a scroll of identify
 y - 2 scrolls of blinking
Potions
 c - a potion of haste
 g - a potion of curing
 j - 5 potions of mutation
 l - 2 potions of ambrosia
 p - a potion of attraction
 r - 2 potions of resistance {unknown}
 u - 6 potions of flight
 A - 2 potions of heal wounds


   Skills:
 + Level 7.4 Fighting
 + Level 3.5 Short Blades
 + Level 8.2 Axes
 + Level 9.4 Throwing
 + Level 5.3 Dodging
 + Level 2.5 Stealth
 + Level 1.0 Shields
 - Level 2.4 Translocations
 - Level 1.0 Ice Magic


You had 8 spell levels left.
You knew the following spells:

 Your Spells              Type           Power      Damage    Failure   Level
a - Foxfire               Conj/Fire      0%         2x1d4     26%         1

Your spell library contained the following spells:

 Spells                   Type           Power      Damage    Failure   Level
 Blink                    Tloc           N/A        N/A       14%         2
 Corona                   Hex            0%         N/A       26%         1
 Gell's Gravitas          Tloc           3%         N/A       28%         3
 Lesser Beckoning         Tloc           3%         N/A       28%         3
 Teleport Other           Tloc           7%         N/A       28%         3
 Ensorcelled Hibernation  Hex/Ice        2%         N/A       30%         2
 Static Discharge         Conj/Air       0%         N/A       36%         2
 Confusing Touch          Hex            0%         N/A       58%         3
 Dazzling Flash           Conj/Hex       0%         N/A       58%         3
 Tukima's Dance           Hex            0%         N/A       58%         3
 Manifold Assault         Tloc           7%         N/A       95%         5
 Lightning Bolt           Conj/Air       0%         1d11      100%        5
 Ignition                 Fire           0%         3d3       100%        8
 Shatter                  Erth           0%         3d5*      100%        9
 Tornado                  Air            0%         N/A       100%        9


Dungeon Overview and Level Annotations

Branches:
Dungeon (8/15)             Temple (0/1) D:6
   Lair: D:8-11

Altars:
Ashenzari
Elyvilon
Trog
Vehumet

Shops:
D:7 (

Portals:
Abyss: D:3

Annotations:
D:3 2 transporters
D:6 1 runed translucent door, senseless's ghost, novice GnMo


Innate Abilities, Weirdness & Mutations

You are too large for most types of armour.
You have tough skin. (AC +1)


Message History

You hear a shout!
The orc throws a boomerang.
The boomerang misses you.
The orc throws a boomerang.
The boomerang hits you but does no damage.
The orc throws a boomerang.
The boomerang closely misses you.
You see here a +0 dagger.
An orc comes into view. It is wielding a +0 club.
The orc hits you but does no damage.
You slash the orc!
You kill the orc!
Trog accepts your kill.
A centaur warrior comes into view.
The centaur warrior shouts!
You slash the orc!
The orc is poisoned.
The orc is almost dead.
The orc hits you but does no damage.
You slash the orc!
You kill the orc!
Trog accepts your kill.
The centaur warrior wields a +0 shortbow.
The centaur warrior shoots an arrow.
The arrow hits you!
* * * LOW HITPOINT WARNING * * *
The centaur warrior shoots an arrow.
The arrow closely misses you.
You see here a +0 dagger.
You start resting.
A centaur warrior is nearby!
The centaur warrior unwields a +0 shortbow.
The centaur warrior hits you.
* * * LOW HITPOINT WARNING * * *
The centaur warrior kicks you.
* * * LOW HITPOINT WARNING * * *
You slice the centaur warrior!!
The centaur warrior looks as sick as possible!
The centaur warrior is moderately wounded.
You hear a shout!
The centaur warrior hits you.
* * * LOW HITPOINT WARNING * * *
The centaur warrior kicks you but does no damage.
The centaur warrior hits you!
You die...

#. .. ### #.
.. # #. #.
.# #.
#o###.# #.
#....#
#c####)..#
#.@).....#
########...#
####


You could see a centaur warrior (extremely poisoned).

Vanquished Creatures
  Harold (D:8)
  Pikel (D:6)
  An ugly thing (D:6)
  A troll (D:5)
  A shadow (D:6)
  Sigmund (D:3)
  Eustachio (D:6)
  A water moccasin (D:5)
  An ice beast (D:7)
  2 orc warriors
  2 sky beasts
  4 black bears
  3 necrophages
  A hornet zombie (D:5)
  3 ogres
  2 lemures (D:6)
  2 centaurs (D:5)
  2 wyvern zombies
  2 scorpions
  A wyvern skeleton (D:7)
  5 killer bees (D:7)
  4 wights (D:6)
  A howler monkey (D:5)
  An electric eel (D:6)
  4 centaur zombies
  4 hounds
  A gnoll shaman (D:4)
  3 orc priests
  2 jellies
  2 bullfrog skeletons
  3 centaur skeletons
  An iguana (D:5)
  5 orc wizards
  A killer bee zombie (D:7)
  A hound zombie (D:5)
  4 gnolls
  7 adders
  A shadow imp (D:6)
  4 white imps
  An ufetubus (D:5)
  3 dart slugs
  25 orcs
  6 endoplasms
  4 giant cockroaches
  7 goblins
  8 hobgoblins
  3 jackals
  5 quokkas
  5 ball pythons
  2 bats
  3 frilled lizards
  7 kobolds
  3 rats
169 creatures vanquished.

Vanquished Creatures (others)
  16 plants (D:6)
  2 withered plants (D:6)
18 creatures vanquished.

Grand Total: 187 creatures vanquished

Notes
Turn   | Place    | Note
-------+----------+-------------------------------------------
     0 | D:1      | senseless the Ogre Wanderer began the quest for the Orb.
     0 | D:1      | senseless set off with the following items: a +0 mace, a +0
                  | hand axe, a +0 robe; and the following spells available to
                  | memorise: Blink, Gell's Gravitas, Lesser Beckoning,
                  | Teleport Other, Manifold Assault
     0 | D:1      | Reached XP level 1. HP: 22/22 MP: 1/1
   277 | D:1      | Reached XP level 2. HP: 28/31 MP: 2/2
   922 | D:1      | Found a faded altar of an unknown god.
   925 | D:1      | Became a worshipper of Vehumet
   925 | D:1      | Reached * piety under Vehumet
   925 | D:1      | Offered knowledge of Foxfire by Vehumet.
   963 | D:1      | Learned a level 1 spell: Foxfire
  1036 | D:1      | Reached XP level 3. HP: 37/37 MP: 3/3
  1756 | D:3      | Noticed a kobold brigand
  1775 | D:3      | Found a transporter.
  1785 | D:3      | Found a transporter.
  1796 | D:3      | Reached XP level 4. HP: 37/48 MP: 4/4
  1926 | D:3      | Reached skill level 1 in Short Blades
  2310 | D:3      | Noticed Sigmund
  2338 | D:3      | Killed Sigmund
  2339 | D:3      | Reached skill level 3 in Throwing
  2339 | D:3      | Reached XP level 5. HP: 47/54 MP: 5/5
  2339 | D:3      | Reached XP level 6. HP: 54/62 MP: 6/6
  2567 | D:3      | Found a one-way gate to the infinite horrors of the Abyss.
  2734 | D:3      | Found a bloodstained altar of Trog.
  2825 | D:3      | Reached skill level 1 in Stealth
  3484 | D:3      | Fell from the grace of Vehumet
  3484 | D:3      | Became a worshipper of Trog the Wrathful
  4124 | D:4      | Noticed a black bear
  4149 | D:4      | HP: 2/63 [black bear (6)]
  4153 | D:4      | Killed a black bear
  4154 | D:4      | Reached skill level 4 in Throwing
  4154 | D:4      | Reached XP level 7. HP: 20/71 MP: 7/7
  4697 | D:4      | Identified the +9 war axe of the Endless Friars {venom,
                  | Drain *Slow rC+ Dex+3}
  5073 | D:5      | Entered Level 5 of the Dungeon
  5146 | D:5      | Reached skill level 5 in Fighting
  5310 | D:5      | Reached * piety under Trog
  5311 | D:5      | Reached XP level 8. HP: 80/80 MP: 8/8
  5316 | D:5      | Reached skill level 5 in Throwing
  5379 | D:5      | Noticed a troll
  5391 | D:5      | Killed a troll
  5483 | D:5      | Reached skill level 6 in Throwing
  6005 | D:5      | Reached XP level 9. HP: 89/89 MP: 9/9
  6018 | D:5      | Reached skill level 7 in Throwing
  6980 | D:6      | Noticed Eustachio
  6995 | D:6      | Killed Eustachio
  7002 | D:6      | Reached ** piety under Trog
  7003 | D:6      | Reached skill level 5 in Axes
  7152 | D:6      | Found a staircase to the Ecumenical Temple.
  7177 | D:6      | Reached skill level 8 in Throwing
  7389 | D:6      | Was forgiven by Vehumet
  7914 | D:6      | Found a runed translucent door.
  7915 | D:6      | Noticed senseless's ghost (novice GnMo)
  7947 | D:6      | Noticed a white ugly thing
  7957 | D:6      | Killed a white ugly thing
  7958 | D:6      | Reached XP level 10. HP: 84/100 MP: 10/10
  8330 | D:7      | Found a broken altar of Ashenzari.
  8330 | D:7      | Noticed Pikel
  8560 | D:6      | Killed Pikel
  8561 | D:6      | Reached skill level 5 in Dodging
  8719 | D:7      | Found Irinyroi's Weapon Emporium.
  8723 | D:7      | Reached skill level 9 in Throwing
  9069 | D:7      | Found a white marble altar of Elyvilon.
  9339 | D:8      | Noticed Harold
  9349 | D:8      | Killed Harold
  9349 | D:8      | Reached *** piety under Trog
  9400 | D:8      | Noticed a centaur warrior
  9407 | D:8      | HP: 4/102 [centaur warrior (4)]
  9407 | D:8      | Slain by a centaur warrior

Illustrated notes

Levels and vault maps discovered:
D:1:      dpeg_arrival_rooms_c, layout_basic,
          shapermc_ecumenical_altar_mp_vishouse
D:2:      layout_rooms, hangedman_feature_mirror
D:3:      minmay_razor_zed, layout_basic, lightli_temple_of_fire,
          gammafunk_ghost_abyssal_escape, st_stairs_2, uniq_sigmund
D:4:      minmay_evil_eye, layout_rooms
D:5:      cheibrodos_fzero, layout_rooms
D:6:      layout_cave_pools, temple_fountains, serial_bayou,
          serial_bayou_pond_e, serial_bayou_lagoon_a, serial_bayou_ford_a,
          serial_bayou_pond_d, gammafunk_ghost_grave,
          hangedman_abyss_or_decor_stagger, hangedman_decor_push, uniq_eustachio
D:7:      layout_cave_pools, elyvilon_altar_1, ashenzari_altar_1, serial_shops,
          nicolae_shop_window_shopping, uniq_pikel
D:8:      layout_loops_ring, lair_entry_dummy, kb_rosetta, uniq_harold

Skill      XL: |  1  2  3  4  5  6  7  8  9 10 |
---------------+-------------------------------+-----
Fighting       | 3 4 5 6 7 |  7.4
Translocations | 2 |  2.4
Dodging        | 2 3 4 5 |  5.3
Short Blades   | 2 3 |  3.5
Throwing       | 3 4 6 8 9 |  9.4
Stealth        | 1 2 |  2.5
Axes           | 4 6 8 |  8.2
Shields        | |  1.0
Ice Magic      | |  1.0

Action                   |  1- 3 |  4- 6 |  7- 9 | 10-12 || total
-------------------------+-------+-------+-------+-------++-------
Melee: Dagger            |    96 |   128 |    45 |       ||   269
       Mace              |     1 |       |       |       ||     1
       War axe           |       |       |   159 |    77 ||   236
Throw: Dart              |    36 |    80 |   152 |    36 ||   304
  Use: Scroll            |       |    14 |     3 |     3 ||    20
       Potion            |       |     1 |     1 |     2 ||     4
 Stab: Sleeping          |     1 |       |       |       ||     1
       Distracted        |       |       |     1 |       ||     1
Armor: Robe              |    17 |    30 |    36 |    47 ||   130
       Skin              |       |     6 |       |       ||     6
Dodge: Dodged            |    33 |    59 |   151 |    90 ||   333
       Repelled          |       |       |     1 |       ||     1

Table legend: (Time is in decaauts)
 A = Elapsed time spent in this place.
 B = Non-inter-level travel time spent in this place.
 C = Inter-level travel time spent in this place.
 D = Time resting spent in this place.
 E = Time spent auto-exploring this place.
 F = Levels seen in this place.
 G = Mean time per level.
                   A        B        C        D        E       F      G
               +--------+--------+--------+--------+--------+-----+--------+
         Total |   9347 |   9119 |    228 |    687 |   7090 |   8 | 1168.4 |
       Dungeon |   9347 |   9119 |    228 |    687 |   7090 |   8 | 1168.4 |
               +--------+--------+--------+--------+--------+-----+--------+

Top non-repeatable levels by time:
     D:3: 2143 daAuts
     D:6: 1902 daAuts
     D:5: 1772 daAuts
     D:4: 1086 daAuts
     D:1: 1060 daAuts
     D:2: 683 daAuts
     D:7: 593 daAuts
     D:8: 105 daAuts
